 Dungeon Crawl Stone Soup version 0.17-a0-957-ga3519be (webtiles) character file.

70 dirtyvader the Ruffian (level 4, -2/33 (40) HPs)
             Began as a Ghoul Monk on May 7, 2015.
             Slain by an orc
             ... wielding a +0 club
              (3 damage)
             ... on level 3 of the Dungeon.
             The game lasted 00:14:00 (2446 turns).

dirtyvader the Ruffian (Ghoul Monk)                 Turns: 2446, Time: 00:14:01

HP:   -2/33 (40)    AC:  5    Str: 15      XL:     4   Next: 21%
MP:   3/3           EV:  7    Int:  4 (5)  God:
Gold: 74            SH:  0    Dex: 10 (11) Spells: 0 memorised, 3 levels left

rFire  . . .     SeeInvis +     t - +0 whip (venom)
rCold  + . .     Clarity  .     c - +0 leather armour (curse)
rNeg   + + +     SustAb   .     (no shield)
rPois  ∞         Gourm    .     (no helmet)
rElec  .         Spirit   .     r - +0 cloak
rCorr  .         Warding  +     m - +0 pair of gloves
rMut   .         Stasis   .     (no boots)
MR     .....                    n - amulet of warding
Stlth  ++........               (no ring)
                                w - ring of see invisible

@: rotting, not resistant to hostile enchantments, unstealthy
A: rotting body, claws 1, carnivore 3, cold resistance 1, negative energy
resistance 3, slow healing 1, torment resistance, unbreathing
a: no special abilities


You were on level 3 of the Dungeon.
You were not hungry.

You visited 1 branch of the dungeon, and saw 3 of its levels.

You collected 74 gold pieces.

Inventory:

Hand weapons
 d - a +0 club
 e - a +0 dagger
 t - a +0 whip of venom (weapon)
 y - a +0 dagger of speed
Missiles
 i - 29 stones (quivered)
 l - 40 bolts
Armour
 a - a +0 robe
 c - a cursed +0 leather armour (worn)
 j - a +0 ring mail
 m - a +0 pair of gloves (worn)
 r - a +0 cloak (worn)
 s - a cursed +0 leather armour
 C - a +0 helmet
 H - a +0 robe
Jewellery
 n - an amulet of warding (around neck)
 w - a ring of see invisible (left hand)
Comestibles
 b - 4 chunks of flesh
 G - 2 bread rations


   Skills:
 + Level 3.7 Fighting
 + Level 0.5 Maces & Flails
 + Level 1.0 Armour
 + Level 3.2 Dodging
 + Level 2.4 Stealth
 + Level 5.0 Unarmed Combat


You had 3 spell levels left.
You didn't know any spells.

Dungeon Overview and Level Annotations

Branches:
Dungeon (3/15)

Altars:


Innate Abilities, Weirdness & Mutations

Your body is rotting away.
You thrive on raw meat.
You are immune to poison.
You have sharp fingernails.
You are carnivorous and can eat meat at any time.
Your flesh is cold resistant.
You are immune to negative energy.
You heal slowly when monsters are visible.
You are immune to unholy pain and torment.
You can survive without breathing.


Message History

You closely miss the orc. You hit the orc.
The orc is poisoned.
The orc is lightly wounded.
The orc closely misses you.
The orc priest invokes the aid of Beogh against you.
Something smites you!
* * * LOW HITPOINT WARNING * * *
The orc barely misses you. The orc closely misses you.
The orc hits you but does no damage.
An orc comes into view.
The orc priest calls upon Beogh to heal the orc.
The orc's wounds heal themselves!
The orc misses you.
The orc priest calls down the wrath of Beogh upon you.
Something smites you!
* * * LOW HITPOINT WARNING * * *
There is a stone staircase leading up here.
You can't go down here!
The orc hits you with a club.
You die...

...#....#
.. ..#..#
## ###..#
..#


You could see 2 orcs.

Vanquished Creatures
  3 adders (D:2)
  3 giant geckos
  3 bats
  3 giant cockroaches (D:1)
  5 hobgoblins
  2 jackals (D:2)
  A quokka (D:2)
  3 giant newts (D:2)
  3 goblins
  5 kobolds
  10 rats
41 creatures vanquished.

Notes
Turn   | Place    | Note
--------------------------------------------------------------
     0 | D:1      | dirtyvader, the Ghoul Monk, began the quest for the Orb.
     0 | D:1      | Reached XP level 1. HP: 19/19 MP: 0/0
   566 | D:1      | Reached XP level 2. HP: 18/25 MP: 1/1
  1352 | D:2      | Reached XP level 3. HP: 23/28 MP: 2/2
  1763 | D:2      | Reached skill level 5 in Unarmed Combat
  1780 | D:2      | HP: 1/29 [adder (4)]
  2192 | D:2      | Reached XP level 4. HP: 30/33 MP: 3/3
  2283 | D:2      | Reached skill level 1 in Armour
  2443 | D:3      | HP: 1/33 [orc priest/divine providence (7)]
  2446 | D:3      | Slain by an orc

Action                   |  1- 3 |  4- 6 || total
-------------------------+-------+-------++-------
Melee: Unarmed           |    15 |       ||    15
       Hand axe          |    15 |       ||    15
       Whip              |   102 |    22 ||   124
Throw: Stone             |       |     5 ||     5
  Use: Scroll            |     3 |       ||     3
       Potion            |     7 |       ||     7
  Eat: Chunk             |     3 |       ||     3
       Meat ration       |     1 |       ||     1
